AoeStats
← TocToc.Commandeur_Rod

Arabian Desert

510162043Analyzed
1v1 RM · 3d ago on Sep 29, 2026· 56m 31s· 2 players
Game mode
Random Map
Map size
Tiny (2 player)
Population
200
Speed
Normal
Resources
Standard
Victory
Conquest
Starting age
Dark Age
Ending age
Imperial Age
RankedLock teamsTeams togetherTeam positionsShared explorationLock speedFull tech treeHidden civsTurbo modeCheats
Victory
Defeat
🇫🇷 Celts · France
1521
+14
🇬🇧 Shu · United Kingdom
1471
-14
Boba Fettoria
6:21 Loom
7:04 Loom
9:34 Feudal Age
10:08 Double-Bit Axe
10:05 Horse Collar
14:29 Fletching
16:10 Padded Archer Armor
17:38 Wheelbarrow
18:19 Scale Barding Armor
18:43 Forging
24:10 Castle Age
24:34 Gold Mining
26:32 Bow Saw
27:25 Heavy Plow
27:30 Husbandry
27:35 Crossbowman
30:22 Hand Cart
30:39 Thumb Ring
33:05 Ballistics
36:38 Imperial Age
34:35 Leather Archer Armor
36:10 Town Watch
37:04 Bodkin Arrow
37:07 Gold Mining
37:16 Arbalester
38:48 Stone Mining
39:18 Light Cavalry
44:55 Ring Archer Armor
45:36 Bracer
48:56 Gold Shaft Mining
48:52 Town Patrol
49:31 Chain Barding Armor
49:22 Pikeman
50:02 Squires
50:27 Conscription
54:08 Chemistry
55:34 Plate Barding Armor
57:09 Masonry
56:55 Murder Holes
TocToc.Commandeur_Rod
8:47 Loom
11:12 Feudal Age
14:56 Castle Age
14:37 Double-Bit Axe
24:20 Horse Collar
27:20 Bow Saw
29:24 Man-at-Arms
30:52 Scale Mail Armor
31:27 Gambesons
31:09 Long Swordsman
31:44 Fletching
32:12 Chain Mail Armor
35:29 Forging
35:49 Town Watch
37:46 Sanctity
41:58 Wheelbarrow
46:09 Imperial Age
45:05 Gold Mining
45:07 Stone Mining
45:55 Scale Barding Armor
46:22 Heavy Plow
46:18 Cavalier
47:19 Chain Barding Armor
47:36 Husbandry
48:03 Paladin
49:47 Hand Cart
49:35 Town Patrol
51:22 Iron Casting
54:36 Blast Furnace
57:06 Plate Mail Armor
56:27 Fletching
Connection lost

Rejoining the realm…

Still unreachable

The connection could not be restored.

Session expired

The server has moved on; the page needs a fresh start.